 Dungeon Crawl Stone Soup version 0.24.0-123-gd5b16e6ec5 (webtiles) character file.

Game seed: 2002196474209290395, levelgen mode: deterministic

96 Elellon the Cudgeler (level 4, -9/28 HPs)
             Began as a Gargoyle Fighter on Jan 22, 2020.
             Mangled by a worm (13 damage)
             ... on level 3 of the Dungeon.
             The game lasted 00:02:12 (2029 turns).

Elellon the Cudgeler (Gargoyle Fighter)             Turns: 2029, Time: 00:02:13

Health: -9/28      AC: 10    Str: 21    XL:     4   Next: 67%
Magic:  4/4        EV:  7    Int:  8    God:
Gold:   75         SH:  9    Dex:  9    Spells: 3/3 levels left

rFire    . . .     SeeInvis .   a - +0 flail
rCold    . . .     Gourm    .   c - +0 shield
rNeg     + . .     Faith    .   b - +0 scale mail
rPois    ∞         Spirit   .   (no helmet)
rElec    +         Reflect  .   (no cloak)
rCorr    .         Harm     .   (no gloves)
MR       .....                  (no boots)
Stlth    ..........             (no amulet)
HPRegen  0.09/turn              (no ring)
MPRegen  0.09/turn              (no ring)

@: no status effects
A: negative energy resistance 1, electricity resistance, unbreathing,
petrification resistance, rot immunity, AC +3
a: no special abilities


You were on level 3 of the Dungeon.
You were not hungry.

You visited 1 branch of the dungeon, and saw 3 of its levels.

You collected 75 gold pieces.

Inventory:

Hand Weapons
 a - a +0 flail (weapon)
Armour
 b - a +0 scale mail (worn)
 c - a +0 shield (worn)
Jewellery
 o - a cursed ring of teleportation {unknown}
Scrolls
 h - a scroll of fog {unknown}
 i - 3 scrolls of identify {unknown}
 j - 2 scrolls of remove curse {unknown}
 m - 3 scrolls of teleportation {unknown}
 n - a scroll of blinking {unknown}
Potions
 d - a potion of might
 e - a potion of agility {unknown}
 g - a potion of magic {unknown}
 l - a potion of mutation {unknown}
Comestibles
 f - 5 rations
 k - 15 chunks of flesh


   Skills:
 - Level 3.2 Fighting
 + Level 4.7 Maces & Flails
 - Level 3.2 Armour
 - Level 3.2 Shields


You had 3 spell levels left.
You didn't know any spells.
Your spell library was empty.

Dungeon Overview and Level Annotations

Branches:
Dungeon (3/15)

Altars:
Trog


Innate Abilities, Weirdness & Mutations

You are resistant to torment.
Your stone body is resilient. (AC +3)
You are immune to poison.
You resist negative energy. (rN+)
You are resistant to electric shocks. (rElec)
You can survive without breathing.
You are immune to petrification.
You are immune to rotting.


Message History

You barely miss the rat. The rat bites you but does no damage.
You block the rat's attack.
You barely miss the rat. You block the rat's attack.
The rat bites you but does no damage.
Your shield and scale mail prevent you from hitting the rat.
You block the rat's attack. x2
You hit the rat.
You kill the rat!
The worm bites you!
* * * LOW HITPOINT WARNING * * *
You hit the worm.
The worm is lightly wounded.
You block the worm's attack.
You hit the worm.
The worm is lightly wounded.
The worm barely misses you.
You hit the worm.
The worm is moderately wounded.
The worm bites you!
You die...

#####
#..##.##...#.........# #
####..........#.........#
#
#..)..##..###.#.#.......#
# #.....+...#
#.#.######### #
#.....##..# #.#.#
#.....##..# #.#.#
#.....##..###.#.#
########..##..#.#
...##@##.# .####w####
##.......## ##.........##
#...........#
#....###....#
#...##y##...#
#....###....#
##.........##


You could see a moth of wrath and a worm (berserk).

Vanquished Creatures
  4 adders
  A worm (D:2)
  A dart slug (D:3)
  2 leopard geckos
  An orc (D:3)
  2 ball pythons
  4 giant cockroaches
  6 goblins
  6 hobgoblins
  2 jackals (D:3)
  7 kobolds
  2 quokkas (D:2)
  3 bats
  A frilled lizard (D:2)
  7 rats
49 creatures vanquished.

Notes
Turn   | Place    | Note
-------+----------+-------------------------------------------
     0 | D:1      | Elellon the Gargoyle Fighter began the quest for the Orb.
     0 | D:1      | Reached XP level 1. HP: 14/14 MP: 1/1
   166 | D:1      | Reached XP level 2. HP: 19/19 MP: 2/2
   324 | D:1      | Reached skill level 3 in Maces & Flails
   849 | D:2      | Reached XP level 3. HP: 16/23 MP: 3/3
  1062 | D:2      | Reached skill level 4 in Maces & Flails
  1360 | D:2      | Reached XP level 4. HP: 27/28 MP: 4/4
  2002 | D:3      | Noticed a moth of wrath
  2005 | D:3      | Found a bloodstained altar of Trog.
  2029 | D:3      | Mangled by a worm

Levels and vault maps discovered:
D:1:      roderic_chinese_lattice_arrival, layout_loops_corners
D:2:      layout_basic, hex_tiny
D:3:      layout_basic, elyvilon_altar_1, tgw_trog,
          chequers_ecumenical_altar_simple_redux

Skill      XL: |  1  2  3 |
---------------+----------+-----
Maces & Flails | 3 4 |  4.7
Fighting       | |  3.2
Armour         | |  3.2
Shields        | |  3.2

Action                   |  1- 3 |  4- 6 || total
-------------------------+-------+-------++-------
Melee: Flail             |   124 |    55 ||   179
  Eat: Chunk             |     1 |     3 ||     4
Armor: Scale mail        |   102 |    31 ||   133
Dodge: Dodged            |    43 |    21 ||    64
Block: Shield            |    83 |    33 ||   116
